 Dungeon Crawl Stone Soup version 0.14.0-12-g87ee3b7 (webtiles) character file.

191 HungrySpirit the Sneak (level 4, -6/23 HPs)
             Began as a Vine Stalker Assassin on Apr 16, 2014.
             Mangled by a gnoll
             ... wielding a +2,+2 flail of protection
              (11 damage)
             ... on Level 2 of the Dungeon.
             The game lasted 00:04:44 (1651 turns).

HungrySpirit the Sneak (Vine Stalker Assassin)      Turns: 1651, Time: 00:04:44

HP  -6/23        AC  3     Str 14      XL: 4   Next: 71%
MP   0/5         EV 11     Int 11      God:
Gold 93          SH  0     Dex 16      Spells:  0 memorised,  3 levels left

rFire  . . .     SeeInvis .     a - +2 dagger
rCold  . . .     Clarity  .     c - +0 robe
rNeg   . . .     Conserve .     (no shield)
rPois  .         rCorr    .     (no helmet)
rElec  .         rRot     +     d - +0 cloak
SustAb . .       Spirit   +     (no gloves)
rMut   .         Warding  .     (no boots)
Saprov . . .     Stasis   .     y - amulet of inaccuracy {unknown}
MR     .....                    (no ring)
                                r - ring of wizardry

@: not resistant to hostile enchantments, quite stealthy
A: fangs 2, regeneration 1, magic shield, antimagic bite, no device heal
a: no special abilities


You were on level 2 of the Dungeon.
You were hungry.

You visited 1 branch of the dungeon, and saw 3 of its levels.

You collected 93 gold pieces.

Inventory:

Hand weapons
 a - a +2,+2 dagger (weapon)
 b - a +0 blowgun
Missiles
 e - 8 poisoned needles
 f - 2 curare-tipped needles
Armour
 c - a +0 robe (worn)
 d - a +0 cloak (worn)
Comestibles
 g - 2 bread rations
 j - a meat ration
 v - 3 apples
 w - 2 apricots
 x - a pear
Scrolls
 h - 2 scrolls of remove curse {unknown}
 i - a scroll of recharging {unknown}
 k - a scroll of immolation {unknown}
 m - a scroll of magic mapping {unknown}
 n - 4 scrolls of identify {unknown}
 p - a scroll of enchant armour {unknown}
 q - 2 scrolls of enchant weapon I {unknown}
Jewellery
 r - a ring of wizardry (left hand)
 y - an amulet of inaccuracy (around neck) {unknown}
Potions
 l - 2 potions of degeneration {unknown}
 o - a potion of confusion {unknown}
 s - a potion of magic {unknown}
 t - a potion of heal wounds {unknown}
 u - a potion of might {unknown}


   Skills:
 - Level 1.7 Fighting
 * Level 3.5 Short Blades
 - Level 1.7 Throwing
 - Level 0.7 Dodging
 + Level 6.0 Stealth


You had 3 spell levels left.
You didn't know any spells.

Dungeon Overview and Level Annotations

Branches:
Dungeon (3/15)

Altars:
Cheibriados
Fedhas
Nemelex Xobeh
Vehumet

Annotations:
D:3 HungrySpirit's ghost, average FoFi


Innate Abilities, Weirdness & Mutations

You are immune to rotting.
You have extremely sharp teeth.
Your natural rate of healing is unusually fast.
When hurt, damage is shared between your health and your magic reserves.
Your bite disrupts and absorbs the magic of your enemies.
Potions and wands cannot restore your HP.


Message History

The gnoll is lightly wounded.
The gnoll hits you with a glowing flail!
You hit the gnoll but do no damage. You bite the gnoll. You drain its power.
You feel invigorated.
The gnoll is heavily wounded.
The gnoll barely misses you.
You hit the gnoll but do no damage. You bite the gnoll. You drain its power.
The gnoll is heavily wounded.
You hit the gnoll but do no damage. Your bite misses the gnoll.
The gnoll is heavily wounded.
The gnoll hits you with a glowing flail!
You closely miss the gnoll.
The gnoll is heavily wounded.
The gnoll hits you with a glowing flail.
* * * LOW HITPOINT WARNING * * *
You are too injured to fight recklessly!
You hit the gnoll but do no damage. You bite the gnoll, but do no damage.
The gnoll is heavily wounded.
The gnoll hits you with a glowing flail!
You die...

#......# #.....(.# #.#
#......# #.......# #.#
#......###################.##
#............#..............#
#......#####.#.###..........#
######.# #.#.##...........#
#.# #.#.##...........# #.#
#.#g##...........#
#.#####%#@##.#'#########
#.......#....#.#
#.############## #...#
♣♣♣♣♣♣♣ #.### ♣♣♣♣♣♣♣♣♣ #.#
♣♣♣♣...♣♣♣♣ #.# ♣♣♣♣.....♣♣♣♣
#g# ♣♣♣.......♣♣♣
#.###♣♣♣...._....♣♣♣


You could see a gnoll.

Vanquished Creatures
  2 gnolls (D:2)
  3 adders
  5 giant geckos
  2 oozes
  A ball python (D:2)
  4 giant cockroaches
  4 hobgoblins
  4 bats
  5 giant newts
  5 goblins (D:1)
  4 jackals (D:2)
  2 kobolds (D:1)
  5 rats
46 creatures vanquished.

Notes
Turn   | Place    | Note
--------------------------------------------------------------
     0 | D:1      | HungrySpirit, the Vine Stalker Assassin, began the quest for the Orb.
     0 | D:1      | Reached XP level 1. HP: 11/11 MP: 1/1
   103 | D:1      | Reached XP level 2. HP: 15/15 MP: 3/3
   189 | D:1      | Reached skill level 5 in Stealth
   531 | D:1      | Reached XP level 3. HP: 18/18 MP: 4/4
   947 | D:2      | Found a blossoming altar of Fedhas.
   959 | D:2      | Reached XP level 4. HP: 11/23 MP: 3/5
  1237 | D:3      | Noticed HungrySpirit's ghost (average FoFi)
  1293 | D:2      | Found a radiant altar of Vehumet.
  1296 | D:2      | Found a blossoming altar of Fedhas.
  1308 | D:2      | Found a sparkling altar of Nemelex Xobeh.
  1318 | D:2      | Found a snail-covered altar of Cheibriados.
  1554 | D:2      | Reached skill level 6 in Stealth
  1651 | D:2      | Mangled by a gnoll

Action                   |  1- 3 |  4- 6 || total
-------------------------+-------+-------++-------
Melee: Dagger            |   103 |    58 ||   161
 Stab: Sleeping          |    10 |     2 ||    12
       Distracted        |       |     1 ||     1
